AoeStats
← AdolfH

Arabia

503394573Analyzed
1v1 RM · 1mo ago on Aug 31, 2026· 54m 1s· 2 players
Game mode
Random Map
Map size
Tiny (2 player)
Population
200
Speed
Normal
Resources
Standard
Victory
Conquest
Starting age
Dark Age
Ending age
Imperial Age
RankedLock teamsTeams togetherTeam positionsShared explorationLock speedFull tech treeHidden civsTurbo modeCheats
Victory
Defeat
🇲🇽 Italians · Mexico
607
+30
🇭🇰 Mongols · Hong Kong SAR China
572
-14
Demo
0:27 Loom
10:29 Feudal Age
13:01 Double-Bit Axe
12:58 Horse Collar
19:43 Castle Age
18:59 Gold Mining
19:00 Stone Mining
21:16 Heavy Plow
21:28 Bow Saw
22:37 Gold Shaft Mining
22:37 Stone Shaft Mining
28:14 Wheelbarrow
32:31 Imperial Age
31:19 Hand Cart
32:09 Murder Holes
34:53 Husbandry
34:17 Cavalier
35:09 Elite Mangudai
36:13 Conscription
36:06 Town Watch
37:09 Town Patrol
37:48 Hoardings
39:12 Scale Barding Armor
38:58 Fletching
39:43 Nomads
42:20 Bodkin Arrow
42:52 Chain Barding Armor
42:45 Forging
43:30 Herbal Medicine
43:42 Devotion
46:45 Bloodlines
45:55 Light Cavalry
49:47 Hussar
53:25 Scale Mail Armor
AdolfH
10:07 Feudal Age
10:48 Horse Collar
10:55 Double-Bit Axe
19:07 Gold Mining
21:52 Castle Age
19:45 Gold Mining
20:55 Stone Mining
21:33 Fletching
23:28 Bodkin Arrow
23:47 Bow Saw
23:39 Heavy Plow
24:17 Stone Shaft Mining
25:27 Fervor
25:41 Ballistics
25:18 Murder Holes
25:34 Masonry
25:05 Treadmill Crane
28:48 Wheelbarrow
28:00 Town Watch
30:01 Hand Cart
30:28 Padded Archer Armor
31:15 Squires
31:02 Arson
31:39 Town Patrol
35:46 Imperial Age
33:58 Leather Archer Armor
33:59 Forging
33:53 Loom
34:40 Sanctity
37:31 Two-Man Saw
37:03 Crop Rotation
37:06 Architecture
37:38 Chemistry
36:26 Arrowslits
36:46 Bracer
37:10 Conscription
37:49 Ring Archer Armor
39:44 Hoardings
40:02 Iron Casting
39:29 Scale Mail Armor
39:41 Elite Genoese Crossbowman
Connection lost

Rejoining the realm…

Still unreachable

The connection could not be restored.

Session expired

The server has moved on; the page needs a fresh start.